 Dungeon Crawl Stone Soup version 0.29-a0-330-g52719c12eb (webtiles) character file.

Game seed: 13094287230148372648

256 gruber the Geomancer (level 6, 0/32 HPs)
             Began as a Gargoyle Earth Elementalist on May 2, 2022.
             Slain by Pikel
             ... wielding a +1 whip of freezing
              (4 damage)
             ... on level 4 of the Dungeon.
             The game lasted 00:04:34 (3466 turns).

gruber the Geomancer (Gargoyle Earth Elementalist)  Turns: 3466, Time: 00:04:35

Health: 0/32       AC:  6    Str: 12    XL:     6   Next: 15%
Magic:  0/9        EV: 11    Int: 17    God:
Gold:   158        SH:  0    Dex: 10    Spells: 5/9 levels left

rFire   . . .      SeeInvis .   j - staff of poison
rCold   . . .      Faith    .   (no shield)
rNeg    + . .      Spirit   +   b - +0 robe
rPois   ∞          Reflect  .   (no helmet)
rElec   +          Harm     .   x - scarf {repulsion}
rCorr   .          Rampage  .   (no gloves)
Will    .....                   (no boots)
Stlth   ++........              v - amulet of guardian spirit
HPRegen 0.10/turn               (no ring)
MPRegen 0.11/turn               (no ring)

@: repel missiles
A: sickness immunity, AC +4, negative energy resistance 1, electricity
resistance, torment resistance 1, petrification resistance
a: no special abilities


You were on level 4 of the Dungeon.
You visited 1 branch of the dungeon, and saw 4 of its levels.

You collected 158 gold pieces.

Inventory:

Hand Weapons
 g - a +0 mace
Missiles
 a - 60 stones
Armour
 b - a +0 robe (worn)
 k - a +0 cloak
 x - a scarf of repulsion (worn)
Magical Staves
 j - a staff of poison (weapon)
Jewellery
 v - an amulet of guardian spirit (around neck)
Wands
 p - a wand of polymorph (5)
Scrolls
 d - 3 scrolls of teleportation {unknown}
 f - a scroll of fear {unknown}
 h - 4 scrolls of identify {unknown}
 s - a scroll of fog {unknown}
 u - a scroll of torment {unknown}
 w - a scroll of amnesia {unknown}
Potions
 c - a potion of magic
 e - a potion of degeneration {unknown}
 i - 3 potions of flight {unknown}
 l - a potion of haste {unknown}
 m - a potion of lignification {unknown}
 n - 2 potions of heal wounds {unknown}
 o - a potion of mutation {unknown}
 q - a potion of berserk rage {unknown}
 r - a potion of resistance {unknown}
 t - a potion of curing


   Skills:
 - Level 1.5 Dodging
 - Level 2.1 Stealth
 - Level 2.0 Spellcasting
 * Level 0.8 Conjurations
 - Level 0.7 Transmutations
 - Level 8.0 Earth Magic


You had 5 spell levels left.
You knew the following spells:

 Your Spells              Type           Power      Damage    Failure   Level
a - Sandblast             Erth           56%        2d13      1%          1
b - Stone Arrow           Conj/Erth      32%        3d9       10%         3

Your spell library contained the following spells:

 Spells                   Type           Power      Damage    Failure   Level
 Passwall                 Tmut/Erth      13%        N/A       4%          2
 Sting                    Tmut/Pois      16%        1d3       17%         1
 Poisonous Vapours        Pois/Air       4%         N/A       28%         2
 Petrify                  Tmut/Erth      16%        N/A       32%         4
 Frozen Ramparts          Ice            2%         1d2       50%         3
 Ozocubu's Armour         Ice            1%         N/A       50%         3
 Tukima's Dance           Hex            1%         N/A       50%         3
 Olgreb's Toxic Radiance  Pois           2%         N/A       88%         4
 Passage of Golubria      Tloc           1%         N/A       88%         4
 Yara's Violent Unravell  Hex/Tmut       1%         3d3       99%         5
 Conjure Ball Lightning   Conj/Air       1%         3x3d6     100%        6
 Orb of Destruction       Conj           2%         9d5       100%        7


Dungeon Overview and Level Annotations

Branches:
Dungeon (4/15)
 Temple: D:4-7

Altars:
Trog

Annotations:
D:4 Pikel


Innate Abilities, Weirdness & Mutations

You are immune to sickness and miasma.
Your stone body is resilient. (AC +4)
You are immune to poison.
You resist negative energy. (rN+)
You are resistant to electric shocks. (rElec)
You are resistant to unholy torment.
You are immune to petrification.


Message History

The lemure shouts!
The blast of sand hits Pikel but does no damage.
The blast of sand hits Pikel.
Pikel is lightly wounded.
The blast of sand hits Pikel!
Pikel is moderately wounded.
A kobold comes into view. It is wielding a +0 short sword.
Pikel closely misses you.
The blast of sand hits Pikel!
Pikel is severely wounded.
Pikel hits you with a +1 whip of freezing!
Pikel freezes you.
You are too injured to fight recklessly!
You are too injured to fight recklessly!
Okay, then.
Pikel attacks as you move away!
Pikel hits you with a +1 whip of freezing.
* * * LOW HITPOINT WARNING * * *
Pikel freezes you.
* * * LOW HITPOINT WARNING * * *
Pikel says, "Antaeus said I was his favorite kobold.
Me!"
Casting: Sandblast (safe; 1% risk of failure)
Confirm with . or Enter, or press ? or * to list all spells.
Aiming: Sandblast (safe; 1% risk of failure)
Press: ? - help, Shift-Dir - straight line, f/p - Pikel
Aim: Pikel, wielding a +1 whip of freezing and wearing a +0 robe (severely wounded, 76% to hit)
The blast of sand hits Pikel!
Pikel is almost dead.
Pikel hits you with a +1 whip of freezing.
* * * LOW HITPOINT WARNING * * *
Pikel freezes you.
* * * LOW HITPOINT WARNING * * *
Unknown command.
You feel better. Pikel barely misses you. Pikel attacks as you move away!
Pikel hits you but does no damage. Pikel attacks as you move away!
Pikel hits you with a +1 whip of freezing!
* * * LOW HITPOINT WARNING * * *
Pikel freezes you.
You die...

######.# #.. ..# #....
.#######.### #.# #.#..
..#.......###.# #.#.##
##.#.##.<...##.#
#.#..###..#.##..#..##.#
#.#...#.........#..##.#
#.......#.#.###.......#
###..####.#.#####..####
##>5K@...#........###
#...##########......#
#5### #.##.#.# #.#
#.#..#.# #.# #.#.##.#
###5# #......# #..K#
..#####.#### #.###
.........# #K#
##..###..#


You could see Pikel and 2 lemures.

Vanquished Creatures
  2 lemures (D:4)
  An orc priest (D:3)
  Natasha (thrice) (D:2)
  An orc wizard (D:3)
  A gnoll (D:1)
  2 worms
  9 orcs (D:3)
  4 bats
  9 endoplasms
  6 giant cockroaches
  5 goblins
  12 hobgoblins
  4 jackals (D:1)
  7 kobolds
  5 quokkas
  10 ball pythons
  4 frilled lizards (D:3)
  A rat (D:1)
86 creatures vanquished.

Vanquished Creatures (others)
  2 fungi (D:1)
  7 plants (D:3)
9 creatures vanquished.

Grand Total: 95 creatures vanquished

Notes
Turn   | Place    | Note
-------+----------+-------------------------------------------
     0 | D:1      | gruber the Gargoyle Earth Elementalist began the quest for
                  | the Orb.
     0 | D:1      | Reached XP level 1. HP: 10/10 MP: 3/3
   145 | D:1      | Reached skill level 4 in Earth Magic
   314 | D:1      | Reached XP level 2. HP: 9/15 MP: 1/5
   586 | D:1      | Reached skill level 5 in Earth Magic
   586 | D:1      | Reached XP level 3. HP: 19/19 MP: 1/6
  1588 | D:2      | Found a bloodstained altar of Trog.
  1673 | D:2      | Reached XP level 4. HP: 24/24 MP: 4/7
  1832 | D:2      | Reached skill level 6 in Earth Magic
  1905 | D:2      | Noticed Natasha
  1908 | D:2      | Killed Natasha
  1996 | D:2      | Noticed Natasha
  2004 | D:2      | Killed Natasha
  2005 | D:2      | Reached XP level 5. HP: 23/28 MP: 0/8
  2139 | D:2      | Noticed Natasha
  2148 | D:2      | Killed Natasha
  2149 | D:2      | Reached skill level 7 in Earth Magic
  2208 | D:3      | Learned a level 3 spell: Stone Arrow
  2579 | D:3      | Reached skill level 8 in Earth Magic
  2579 | D:3      | Reached XP level 6. HP: 32/32 MP: 6/9
  2870 | D:3      | Got Jidannad's Grimoire of Glacial Conjuration
  3057 | D:3      | Found a faded altar of an unknown god.
  3382 | D:4      | Noticed a water moccasin
  3438 | D:4      | Noticed Pikel
  3466 | D:4      | Slain by Pikel

Illustrated notes

Levels and vault maps discovered:
D:1:      dpeg_arrival_water_fire, layout_basic, grunt_decor_clamped
D:2:      minmay_spotlight, layout_basic, basic_altar, uniq_natasha
D:3:      layout_basic, ebering_ecumenical_altar_webs, serial_bayou_ford_a
D:4:      layout_loops_cross, serial_shops, kennysheep_mini, uniq_blork_the_orc,
          uniq_pikel

Skill      XL: |  1  2  3  4  5 |
---------------+----------------+-----
Earth Magic    | 4 5 6 8 |  8.0
Dodging        | |  1.5
Stealth        | |  2.1
Spellcasting   | |  2.0
Conjurations   | |  0.8
Transmutations | |  0.7

Action                   |  1- 3 |  4- 6 || total
-------------------------+-------+-------++-------
Melee: Mace              |     6 |       ||     6
       Unarmed           |     1 |       ||     1
       Staff             |       |     6 ||     6
 Cast: Sandblast         |    54 |    78 ||   132
  Use: Potion            |       |     1 ||     1
Armor: Robe              |    17 |    14 ||    31
Dodge: Dodged            |    17 |    16 ||    33

Table legend: (Time is in decaauts)
 A = Elapsed time spent in this place.
 B = Non-inter-level travel time spent in this place.
 C = Inter-level travel time spent in this place.
 D = Time resting spent in this place.
 E = Time spent auto-exploring this place.
 F = Levels seen in this place.
 G = Mean time per level.
                   A        B        C        D        E       F      G
               +--------+--------+--------+--------+--------+-----+--------+
         Total |   3481 |   3279 |    202 |      6 |   2753 |   4 |  870.2 |
       Dungeon |   3481 |   3279 |    202 |      6 |   2753 |   4 |  870.2 |
               +--------+--------+--------+--------+--------+-----+--------+

Top non-repeatable levels by time:
     D:1: 1394 daAuts
     D:3: 1163 daAuts
     D:2: 797 daAuts
     D:4: 125 daAuts
